 Dungeon Crawl Stone Soup version 0.13-a0-2156-ga9a2eb8 (webtiles) character file.

453 JacquesDerrida the Carver (level 6, 0/41 HPs)
             Began as a High Elf Gladiator on June 30, 2013.
             Killed from afar by an orc wizard (10 damage)
             ... with a puff of flame
             ... on Level 3 of the Dungeon.
             The game lasted 00:05:51 (2790 turns).

JacquesDerrida the Carver (High Elf Gladiator)      Turns: 2790, Time: 00:05:51

HP   0/41        AC  4     Str 14      XL: 6   Next:  0%
MP   9/9         EV 12     Int 15      God:
Gold 187         SH  0     Dex 15      Spells:  0 memorised,  5 levels left

Res.Fire  : . . .   See Invis. : .   a - +0 elf falchion
Res.Cold  : . . .   Warding    : .   b - +0 elf leather armour
Life Prot.: . . .   Conserve   : .   (no shield)
Res.Poison: .       Res.Corr.  : .   A - +0 helmet
Res.Elec. : .       Clarity    : .   (no cloak)
Sust.Abil.: + .     Spirit.Shd : .   (no gloves)
Res.Mut.  : .       Stasis     : +   (no boots)
Res.Rott. : .       Flight     : .   v - amulet of stasis
Saprovore : . . .                    (no ring)
                                     j - ring of sustain abilities {unknown}

@: slightly resistant to hostile enchantments, unstealthy
A: no striking features
a: no special abilities


You were on level 3 of the Dungeon.
You were hungry.

You visited 1 branch of the dungeon, and saw 3 of its levels.

You collected 167 gold pieces.

Inventory:

Hand weapons
 a - a +0,+0 elven falchion (weapon)
Missiles
 d - 2 throwing nets (quivered)
 s - 17 poisoned needles
Armour
 b - a +0 elven leather armour (worn)
 c - a +0 helmet
 x - a cursed +0 robe
 A - a +0 helmet (worn)
Comestibles
 f - 4 bread rations
 o - a sausage
 q - 2 chokos
 D - a rotting chunk of centaur flesh
 F - an apple
Scrolls
 g - a scroll of noise {unknown}
 h - 2 scrolls of enchant weapon I {unknown}
 l - a scroll of magic mapping {unknown}
 m - a scroll of random uselessness {unknown}
 p - 3 scrolls of remove curse {unknown}
 r - a scroll of fog {unknown}
 w - 2 scrolls of identify {unknown}
 y - a scroll of blinking {unknown}
 B - 3 scrolls of curse weapon {unknown}
 E - a scroll of enchant armour {unknown}
Jewellery
 j - a ring of sustain abilities (left hand) {unknown}
 v - an amulet of stasis (around neck)
Potions
 e - 4 potions of curing
 i - a potion of resistance {unknown}
 k - 2 potions of might
 n - a potion of brilliance {unknown}
 t - a potion of heal wounds {unknown}
 u - a potion of degeneration {unknown}
 z - a potion of poison {unknown}
Books
 C - a book of the Dragon

   Spells                             Type                      Level
   Flight                             Charms/Air                   3
   Cause Fear                         Hexes                        4
   Bolt of Fire                       Conjuration/Fire             6
   Dragon Form                        Fire/Transmutation           7
   Summon Dragon                      Summoning                    9


   Skills:
 - Level 2.0 Fighting
 + Level 8.1 Long Blades
 - Level 2.1 Throwing
 - Level 3.2 Dodging


You had 5 spell levels left.
You didn't know any spells.

Dungeon Overview and Level Annotations

Branches:
Dungeon (3/27)

Altars:
Fedhas
Xom


Message History

You miss it.
You hear some strange, mumbled words.
The puff of flame hits you!
One of your 3 scrolls labeled DILAP IZUATI catches fire!
* * * LOW HITPOINT WARNING * * *
You hit it but do no damage.
You hear some strange, mumbled words.
Something tries to affect you, but you resist.
Throwing (i - inventory):
d - 3 throwing nets (quivered)
Press: ? - help, Shift-Dir - straight line, f - giant newt
Aim: a giant newt You throw a throwing net.
The throwing net hits something.
Something gets caught in the net!
Something wriggles in the net.
You hit it.
Something wriggles in the net.
You closely miss it. You hit it but do no damage.
Something wriggles in the net.
You hear some strange, mumbled words.
The puff of flame hits you!
One of your 4 scrolls labeled UMINKI GIAGOQ catches fire!
You die...

##########
#.# # #.# (.
#.# # #.# #.#
# #.# #.###.#
#.##.....##
#.......@.#
####.####(#
.. #l# ...
#.#
.....####.###
........(...#
..........#.#
###.###..#.#
# #..# #


You could see a giant newt.

Vanquished Creatures
  A centaur (D:3)
  Sigmund (D:2)
  Jessica (D:2)
  4 adders
  A worm (D:3)
  A giant gecko (D:2)
  An ooze (D:2)
  An orc (D:3)
  2 ball pythons
  2 bats (D:2)
  6 goblins
  8 hobgoblins
  6 jackals
  6 kobolds
  2 giant cockroaches (D:1)
  2 giant newts
  7 rats
52 creatures vanquished.

Vanquished Creatures (others)
  2 orcs (D:3)
2 creatures vanquished.

Grand Total: 54 creatures vanquished

Notes
Turn   | Place    | Note
--------------------------------------------------------------
     0 | D:1      | JacquesDerrida, the High Elf Gladiator, began the quest for the Orb.
     0 | D:1      | Reached XP level 1. HP: 15/15 MP: 1/1
    69 | D:1      | Reached skill level 4 in Long Blades
   179 | D:1      | Reached XP level 2. HP: 12/20 MP: 2/2
   725 | D:1      | Reached skill level 5 in Long Blades
  1092 | D:2      | Reached XP level 3. HP: 25/25 MP: 4/4
  1143 | D:2      | Noticed Sigmund
  1164 | D:2      | Killed Sigmund
  1164 | D:2      | Reached skill level 6 in Long Blades
  1164 | D:2      | Reached XP level 4. HP: 6/31 MP: 6/6
  1431 | D:2      | Noticed Jessica
  1453 | D:2      | Killed Jessica
  1656 | D:2      | Reached skill level 7 in Long Blades
  1656 | D:2      | Reached XP level 5. HP: 24/36 MP: 7/7
  2224 | D:3      | Found a blossoming altar of Fedhas.
  2225 | D:3      | Noticed a centaur
  2401 | D:3      | Killed a centaur
  2401 | D:3      | Reached skill level 8 in Long Blades
  2648 | D:3      | Found a shimmering altar of Xom.
  2717 | D:3      | Reached XP level 6. HP: 33/41 MP: 9/9
  2790 | D:3      | Killed from afar by an orc wizard

Action                   |  1- 3 |  4- 6 || total
-------------------------+-------+-------++-------
Melee: Falchion          |    76 |   117 ||   193
Throw: Throwing net      |       |     1 ||     1
  Use: Potion            |     2 |     4 ||     6
 Stab: Sleeping          |     1 |       ||     1
       Invisible         |     6 |       ||     6
